Unix NetHack Version 5.0.0-0 post-release - last build Jun 10 2026 00:39:30 (3ee93aec679c4c4259841fe613dc97188e26a321,branch:main).

Game began 2026-06-12 17:45:48, ended 2026-06-12 19:11:39.

CyberFan, chaotic male human Rogue

                      -----------------------------
                      |.|.|.|.|.|.|.|[|.|.|.|.|.|.| | | | | | | | |
                      ..............................................
                       ...).....................................
                         ..............?......%............
                          .............................
                            .......................
                            |......%............|
                            |.................<.|
                  --- | | | |...................| | | | | ---
                  |.........)...%v..........................|
                  --.......................................--
               ....?................................................
     ..................... 0................................................|
  |.....................   ............!................/...................|
  |..................    ...........................................?.......|
  | | | | | | | | | |   |.|*|.|.|.|.|.|(|.|.| | | | | | | | | | | | | | | | |
                        ---------------------
CyberFan the Rogue      St:15 Dx:18 Co:13 In:10 Wi:14 Ch:7  Chaotic
Dlvl:10 $:545 HP:0(66) Pw:29(48) AC:-5 Xp:8/1416 T:7022 

Latest messages:
 You can move again.
 You hit the ghoul!
 You hit the ghoul.
 You destroy the ghoul!
 You see here a food ration.
 You see here a food ration.
 You swap places with your large cat.
 The large cat picks up a food ration.
 The large cat falls into a pit!
 The large cat climbs out of the pit.
 The large cat drops a food ration.
 You feel full of energy.
 The large cat picks up a food ration.
 The large cat falls into a pit!
 The large cat climbs out of the pit.
 The large cat drops a food ration.
 The large cat picks up a food ration.
 You are in full health.
 You descend the stairs.
 Sting flickers light blue!
 The giant spider bites!
 The snake bites!
 The energy vortex engulfs you!
 The air around you crackles with electricity.
 You feel your magical energy drain away.
 The air around you crackles with electricity.
 You feel your magical energy drain away.
 You hit the energy vortex.
 You are jolted with electricity!
 The air around you crackles with electricity.
 You get expelled!
 The energy vortex misses!
 You hit the giant spider!
 The giant spider bites!
 The snake bites!
 The energy vortex misses!
 The energy vortex misses!
 The energy vortex misses!
 The energy vortex engulfs you!
 You feel your magical energy drain away.
 You hit the energy vortex.
 You are jolted with electricity!
 You hear some noises.
 The air around you crackles with electricity.
 You feel your magical energy drain away.
 The air around you crackles with electricity.
 You feel your magical energy drain away.
 You hit the energy vortex.
 You are jolted with electricity!
 You die...

Inventory:
 Coins    ('$')
  $ - 545 gold pieces
 Amulets  ('"')
  q - an uncursed amulet of guarding (being worn)
 Weapons  (')')
  h - an uncursed +0 dagger named ammo (at the ready)
  s - the uncursed +0 Sting (weapon in left hand, flickering light blue)
 Armor    ('[')
  S - an uncursed +1 dwarvish iron helm (being worn)
  n - a blessed +1 pair of jumping boots (being worn)
  U - an uncursed +0 dwarvish roundshield (being worn)
  L - an uncursed +0 dwarvish cloak (being worn)
  R - an uncursed +0 dwarvish mithril-coat (being worn)
 Scrolls  ('?')
  T - 2 blessed scrolls of blank paper
  W - 3 uncursed scrolls of blank paper
  A - a blessed scroll of enchant weapon
  B - an uncursed scroll of gold detection
  O - a cursed scroll of identify
  J - an uncursed scroll of light
  P - an uncursed scroll of magic mapping
  x - a cursed scroll of remove curse
 Potions  ('!')
  o - an uncursed potion of confusion
  Q - an uncursed potion of enlightenment
  r - an uncursed potion of extra healing
  M - 2 uncursed potions of object detection
  p - 2 cursed potions of object detection
  d - an uncursed potion of sickness
  v - an uncursed potion of speed
  z - an uncursed potion of water
 Rings    ('=')
  H - an uncursed ring of levitation
  X - an uncursed ring of teleport control
 Wands    ('/')
  V - an uncursed wand of magic missile (0:0)
 Tools    ('(')
  t - an empty uncursed bag of holding
  f - an empty uncursed sack
  g - an uncursed blindfold
  e - an uncursed lock pick
 Gems/Stones  ('*')
  N - 2 uncursed diamonds
  D - an uncursed garnet stone

CyberFan the Rogue's attributes:

Background:
 You were a Rogue, level 8 male human.
 You were chaotic, on a mission for Kos
 who was opposed by Issek (lawful) and Mog (neutral).
 You were left-handed.
 You were in the Dungeons of Doom, on level 10, a very big room.
 You entered the dungeon 7022 turns ago.
 You had 1416 experience points, 1144 more were needed to attain level 9.

Basics:
 You had 0 out of 66 hit points.
 You had 29 out of 48 energy points (spell power).
 Your armor class was -5.
 Your wallet contained 545 zorkmids.
 Autopickup was on for '$%?!"=/*' plus thrown, with exceptions.

Final Characteristics:
 Your strength was 15 (limit:18/100).
 Your dexterity was 18 (limit:18).
 Your constitution was 13 (limit:18).
 Your intelligence was 10 (limit:18).
 Your wisdom was 14 (limit:18).
 Your charisma was 7 (limit:18).

Final Status:
 You were engulfed by the energy vortex.
 You weren't hungry.
 You were unencumbered.
 You were wielding a dagger.
 You had expert skill with dagger.

Final Attributes:
 You were piously aligned.
 Your items were somewhat protected from fire.
 Your items were somewhat protected from cold.
 You were telepathic.
 You were aware of the presence of orcs.
 You were stealthy.
 You could jump.
 You had a small defense bonus (+2).
 You were protected.
 Your spell casting was impaired by metallic armor.
 You are dead.

Miscellaneous:
 You disabled loading and storing of bones levels.
 Total elapsed playing time was 42 minutes and 54 seconds.

Major events:
 Turn
    1: CyberFan the chaotic male human Rogue entered the dungeon
 1168: attained the rank of Cutpurse (level 3)
 2267: entered the Gnomish Mines
 2940: reached Mine Town
 3068: attained the rank of Rogue (level 6)
 3119: chose an elven dagger to be named "Sting"
 6770: entered the Bigroom
 7022: killed by an energy vortex

Spells:
 Name                 Level Category     Fail Retention
 chain lightning        2   attack       100%   51%-75%

Skills:
 Fighting Skills
   bare handed combat [Unskilled]
   two weapon combat  [Unskilled]
   riding             [Unskilled]
 Weapon Skills
   dagger             [Expert]
   knife              [Unskilled]
   short sword        [Basic]
   broadsword         [Unskilled]
   long sword         [Unskilled]
   two-handed sword   [Unskilled]
   saber              [Unskilled]
   club               [Unskilled]
   mace               [Unskilled]
   morning star       [Unskilled]
   flail              [Unskilled]
   hammer             [Unskilled]
   polearms           [Unskilled]
   spear              [Unskilled]
   crossbow           [Unskilled]
   dart               [Unskilled]
   shuriken           [Unskilled]
 Spellcasting Skills
   divination spells  [Unskilled]
   escape spells      [Unskilled]
   matter spells      [Unskilled]

Voluntary challenges:
 Character rerolling was not enabled.
 You never genocided any monsters.
 You never polymorphed an object.
 You never changed form.
 You used no wishes.
Achievements:
 You entered a shop.
 You attained the rank of Cutpurse.
 You entered the Gnomish Mines.
 You entered Minetown.
 You attained the rank of Rogue.
 You entered the Big Room.

 The Dungeons of Doom: levels 1 to 10
    Level 1:
       Many fountains.
    Level 2:
       A fountain.
       Stairs down to The Gnomish Mines.
    Level 3:
       A potion shop, an altar to Kos.
    Level 4:
       A general store, a fountain.
    Level 5:
       A fountain.
    Level 6:
    Level 7:
       A general store.
    Level 8:
       Many fountains, many trees.
    Level 9:
       Many fountains.
    Level 10: <- You were here.
       A very big room.
       Final resting place for
          you, killed by an energy vortex.
 The Gnomish Mines: levels 3 to 7
    Level 3:
    Level 4:
    Level 5:
    Level 6:
       An altar, some fountains.
    Level 7:


Vanquished creatures:
  a tengu
  a wraith
  a chameleon
  a quivering blob
  a wolf
  2 orc-captains
  a gnome ruler
  2 orc mummies
  a dwarf mummy
 an owlbear
  a yeti
  a dwarf leader
  a dust vortex
  2 ravens
  a plains centaur
  a quasit
  5 wood nymphs
  a water nymph
  a Mordor orc
  4 Uruk-hai
  4 orc shamans
  a rock piercer
  a pony
  a shrieker
  4 gnome leaders
  a kobold mummy
  a ghoul
  a paper golem
  4 giant ants
  3 floating eyes
  a kitten
  6 dwarves
  2 kobold leaders
  a kobold shaman
 13 hill orcs
  a rothe
  a rabid rat
  4 orc zombies
  a dwarf zombie
  2 wererats
  a werejackal
  2 iguanas
  2 acid blobs
  3 coyotes
  3 hobbits
  a large kobold
  2 hobgoblins
  3 cave spiders
  a brown mold
  a yellow mold
  2 green molds
 19 gnomes
  8 gnome zombies
  4 geckos
  8 jackals
  2 foxes
  a kobold
  4 goblins
  3 grid bugs
  3 lichens
  a kobold zombie
  5 newts
162 creatures vanquished.

No species were genocided or became extinct.

Game over:
                       ----------
                      /          \
                     /    REST    \
                    /      IN      \
                   /     PEACE      \
                  /                  \
                  |     CyberFan     |
                  |      545 Au      |
                  |   killed by an   |
                  |  energy vortex   |
                  |                  |
                  |                  |
                  |       2026       |
                 *|     *  *  *      | *
        _________)/\\_//(\/(/\)/\//\/|_)_______

Goodbye CyberFan the Rogue...

You died in The Dungeons of Doom on dungeon level 10 with 7335 points,
and 545 pieces of gold, after 7022 moves.
You were level 8 with a maximum of 66 hit points when you died.

